 Dungeon Sprint DCSS version 0.31-a0-18-gea43df2a32 (webtiles) character file.

Game seed: 8825001525753918890

143 sircluck the Ruffian (level 5, -2/85 HPs)
             Began as a Troll Berserker on May 10, 2023.
             Was a Follower of Trog.
             Slain by a wyvern (11 damage)
             ... in the Dungeon (Sprint II: "The Violet Keep of Menkaure").
             The game lasted 00:00:09 (12 turns).

sircluck the Ruffian (Troll Berserker)                Turns: 12, Time: 00:00:09

Health: -2/85      AC:  4    Str: 27    XL:     5   Next: 4%
Magic:  4/4        EV: 11    Int:  3    God:    Trog [*.....]
Gold:   0          SH:  0    Dex:  9    Spells: 4/4 levels left

rFire   . .          .
                       - Unarmed
rCold   . . .        (no shield)
rNeg    . . .        a - +0 animal skin
rPois   .            (helmet restricted)
rElec   .            (no cloak)
rCorr   .            (gloves unavailable)
SInv    .            (boots unavailable)
Will    .....        (no amulet) Stlth
                     (no ring)
HPRegen 1.14/turn    (no ring)
MPRegen 0.09/turn

%: no teleportation
@: berserking, very quick
A: large, unfitting armour, claws 3, regeneration 1, shaggy fur 1, tough skin 1
a: Renounce Religion, Berserk


You were in the Dungeon.
You worshipped Trog.
Trog was aware of your devotion.
You visited 1 branch

Inventory:

Armour
 a - a +0 animal skin (worn)
Scrolls
 g - a scroll of blinking
Potions
 b - a potion of curing
 c - a potion of heal wounds
 d - a potion of haste
 e - 2 potions of magic
 f - a potion of berserk rage


   Skills:
 + Level 5.3 Fighting
 + Level 5.3 Dodging
 + Level 6.7 Unarmed Combat


You had 4 spell levels left.
You didn't know any spells.
Your spell library was empty.

Dungeon Overview and Level Annotations

Branches:
Dungeon (1/1)

Altars:


Innate Abilities, Weirdness & Mutations

You are too large for most types of armour.
You have claws for hands.
Your natural rate of healing is unusually fast.
You are covered in fur. (AC +1)
You have tough skin. (AC +1)


Message History

You claw the wyvern!
The wyvern is moderately wounded.
The wyvern bites you but does no damage.
You barely miss the wyvern.
The wyvern is moderately wounded.
The wyvern bites you!
You claw the wyvern!
The wyvern is severely wounded.
The wyvern bites you!!
Ouch! That really hurt!
* * * LOW HITPOINT WARNING * * *
You are too injured to fight recklessly!
You are too injured to fight recklessly!
You are too injured to fight recklessly!
You are too injured to fight recklessly!
You are too injured to fight recklessly!
You are too injured to fight recklessly!
You are too injured to fight recklessly!
You are too injured to fight recklessly!
You are too injured to fight recklessly!
You are too injured to fight recklessly!
You claw the wyvern!
You kill the wyvern!
Trog accepts your kill.
Your Fighting skill gained 3 levels and is now at level 5!
Your Dodging skill gained 3 levels and is now at level 5!
Your Unarmed Combat skill gained 3 levels and is now at level 6!
You have reached level 2!
You have reached level 3!
Your experience leads to an increase in your attributes!
Increase (S)trength, (I)ntelligence, or (D)exterity?
You feel stronger. x3
You have reached level 4!
You have reached level 5!
Unknown command.
Unknown command.
You claw the wyvern!
The wyvern is heavily wounded.
The wyvern bites you!
You die... ## ## ##. .## .. ..
B#B

#+#
##.##
+.<.+
##@##
#l#
$#.
.# #.
## ##


You could see a wyvern.

Vanquished Creatures
  A wyvern (D)
1 creature vanquished.

Notes
Turn   | Place    | Note
-------+----------+-------------------------------------------
     0 | D        | sircluck the Troll Berserker began the quest for the Orb.
     0 | D        | Reached XP level 1. HP: 22/22 MP: 0/0
     1 | D        | Noticed a boulder beetle
     1 | D        | Noticed a boulder beetle
     5 | D        | Noticed a wyvern
     5 | D        | Noticed a wyvern
    11 | D        | Killed a wyvern
    12 | D        | Reached skill level 5 in Fighting
    12 | D        | Reached skill level 5 in Dodging
    12 | D        | Reached skill level 6 in Unarmed Combat
    12 | D        | Reached XP level 2. HP: 5/35 MP: 1/1
    12 | D        | Reached XP level 3. HP: 7/42 MP: 2/2
    12 | D        | Reached XP level 4. HP: 8/50 MP: 3/3
    12 | D        | Reached XP level 5. HP: 9/57 MP: 4/4
    12 | D        | Slain by a wyvern

Illustrated notes

Levels and vault maps discovered:
D:        the_violet_keep_of_menkaure [sprint2_stairs_cluster_1,
          sprint2_shoproom, sprint2_temple, sprint2_basic_supplies,
          sprint2_obstacle_2, sprint2_obstacle_6, sprint2_obstacle_7,
          sprint2_obstacle_5, sprint2_obstacle_3, sprint2_timed_cluster_1,
          sprint2_smallroom_cluster_1, sprint2_smallroom_final_cluster_1,
          sprint2_transparent_cluster_1, sprint2_second_timed_cluster_1,
          sprint2_sniper_area_1, sprint2_heavy_combat_area_1,
          sprint2_mutation_trap_area_1, sprint2_forest_area_1,
          sprint2_light_combat_area_1, sprint2_behind_water_1,
          sprint2_near_end_vault_1]

Skill      XL: |  1 |
---------------+----+-----
Fighting       | 5 |  5.3
Dodging        | 5 |  5.3
Unarmed Combat | 6 |  6.7

Action                     |  1- 3 |  4- 6 || total
---------------------------+-------+-------++-------
  Melee: Unarmed           |     5 |     1 ||     6
 Invoke: Berserk           |     1 |       ||     1
 Armour: Animal skin       |     1 |       ||     1
  Dodge: Dodged            |     1 |       ||     1

Table legend: (Time is in decaauts)
 A = Elapsed time spent in this place.
 B = Non-inter-level travel time spent in this place.
 C = Inter-level travel time spent in this place.
 D = Time resting spent in this place.
 E = Time spent auto-exploring this place.
 F = Levels seen in this place.
 G = Mean time per level.
                   A        B        C        D        E       F      G
               +--------+--------+--------+--------+--------+-----+--------+
         Total |     10 |     10 |      0 |      0 |      1 |   1 |   10.0 |
       Dungeon |     10 |     10 |      0 |      0 |      1 |   1 |   10.0 |
               +--------+--------+--------+--------+--------+-----+--------+

Top non-repeatable levels by time:
       D: 10 daAuts
